 Dungeon Crawl Stone Soup version 0.28-a0-1312-g71652a0310 (webtiles) character file.

Game seed: 13181681485447672931

135724 blank1 the Fighter (level 16, -13/171 HPs)
             Began as a Troll Monk on Dec 27, 2021.
             Was the Champion of Okawaru.
             Mangled by a fenstrider witch (14 damage)
             ... on level 3 of the Swamp.
             The game lasted 01:22:09 (28327 turns).

blank1 the Fighter (Troll Monk)                    Turns: 28327, Time: 01:22:11

Health: -13/171    AC: 31    Str: 27    XL:     16   Next: 65%
Magic:  19/19      EV: 11    Int:  8    God:    Okawaru [******]
Gold:   2121       SH: 21    Dex: 16    Spells: 16/17 levels left

rFire   . . .      SeeInvis .   w - +9 lance "Wyrmbane" {slay drac, rPois rF+ rC+ AC+3}
rCold   + + +      Faith    .   K - +4 tower shield of the Barnacle {Dex+4}
rNeg    . . .      Spirit   .   S - +0 ice dragon scales
rPois   +          Reflect  .   L - +2 hat {Stlth+}
rElec   .          Harm     .   x - +2 cloak
rCorr   .          Rampage  .   (gloves unavailable)
Will    +....                   (boots unavailable)
Stlth   +.........              (no amulet)
HPRegen 1.18/turn               d - +4 ring of protection
MPRegen 0.16/turn               r - +4 ring of protection

@: lethally poisoned (-13 -> -13), very slow
A: large, unfitting armour, claws 3, regeneration 1, shaggy fur 1, tough skin 1
a: Renounce Religion, Heroism, Finesse, Duel


You were on level 3 of the Swamp.
You worshipped Okawaru.
Okawaru was exalted by your worship.
You visited 5 branches of the dungeon, and saw 28 of its levels.
You also visited: Ossuary, Bailey and Ice Cave.

You collected 2739 gold pieces.
You spent 618 gold pieces at shops.

Inventory:

Hand Weapons
 e - the +6 great sword "Maod Yso" {vorpal, MP+9 Dex+3}
   (You found it on level 6 of the Lair of Beasts)

   It inflicts extra damage upon your enemies.
   Dex:       It affects your dexterity (+3).
   MP:        It affects your magic capacity (+9).
 i - a +2 demon trident of pain
 w - the +9 lance "Wyrmbane" (weapon) {slay drac, rPois rF+ rC+ AC+3}
   (You found it on level 5 of the Dungeon)

   It inflicts extra damage against dragons and draconians.
   AC:        It affects your AC (+3).
   rF:        It protects you from fire.
   rC:        It protects you from cold.
   rPois:     It protects you from poison.
Missiles
 D - 28 boomerangs (quivered)
 N - a throwing net
Armour
 x - a +2 cloak (worn)
 K - the +4 tower shield of the Barnacle (worn) {Dex+4}
   (Okawaru gifted it to you on level 12 of the Dungeon)

   Dex:       It affects your dexterity (+4).
 L - a +2 hat of stealth (worn)
 P - a +1 kite shield of cold resistance
 S - +0 ice dragon scales (worn)
Jewellery
 a - a ring of flight
 d - a +4 ring of protection (left claw)
 r - a +4 ring of protection (right claw)
 M - a ring of see invisible
Wands
 h - a wand of paralysis (11)
 A - a wand of mindburst (9)
 C - a wand of flame (5)
 F - a wand of acid (22)
 G - a wand of iceblast (22)
 H - a wand of digging (13)
Scrolls
 k - 16 scrolls of teleportation
 o - 4 scrolls of blinking
 u - 4 scrolls of magic mapping
 y - 6 scrolls of fear
 B - 3 scrolls of amnesia
 I - 9 scrolls of identify
 J - 3 scrolls of fog
 R - 2 scrolls of enchant armour
Potions
 b - 5 potions of might
 c - 3 potions of magic
 f - 2 potions of lignification
 g - 3 potions of haste
 j - 6 potions of curing
 l - 10 potions of brilliance
 m - 4 potions of berserk rage
 n - 9 potions of flight
 p - 3 potions of cancellation
 q - 2 potions of ambrosia
 s - 2 potions of attraction
 t - 8 potions of invisibility
 v - 3 potions of mutation
 z - 4 potions of heal wounds
 O - a potion of resistance


   Skills:
 + Level 13.9 Fighting
 - Level 12.0 Polearms
 - Level 10.0 Armour
 - Level 10.0 Dodging
 - Level 1.0 Stealth
 - Level 11.0 Shields
 - Level 6.5 Unarmed Combat
 - Level 1.0 Spellcasting
 - Level 1.0 Fire Magic
 + Level 5.9 Invocations


You had 16 spell levels left.
You knew the following spells:

 Your Spells              Type           Power      Damage    Failure   Level
a - Foxfire               Conj/Fire      4%         2x1d4     86%         1

Your spell library contained the following spells:

 Spells                   Type           Power      Damage    Failure   Level
 Freeze                   Ice            0%         1d3       91%         1
 Sandblast                Erth           0%         2d4       91%         1
 Shock                    Conj/Air       0%         1d3       91%         1
 Blink                    Tloc           0%         N/A       97%         2
 Corpse Rot               Necr/Air       0%         N/A       97%         2
 Passwall                 Tmut/Erth      0%         N/A       97%         2
 Poisonous Vapours        Pois/Air       0%         N/A       97%         2
 Sublimation of Blood     Necr           0%         N/A       97%         2
 Conjure Flame            Conj/Fire      1%         6-21      99%         3
 Dazzling Flash           Conj/Hex       0%         N/A       99%         3
 Frozen Ramparts          Ice            0%         1d2       99%         3
 Inner Flame              Hex/Fire       1%         N/A       99%         3
 Lesser Beckoning         Tloc           0%         N/A       99%         3
 Portal Projectile        Hex/Tloc       0%         N/A       99%         3
 Stone Arrow              Conj/Erth      0%         3d7       99%         3
 Swiftness                Air            0%         N/A       99%         3
 Airstrike                Air            0%         N/A       100%        4
 Flame Wave               Conj/Fire      1%         2d4       100%        4
 Hailstorm                Conj/Ice       0%         3d3       100%        4
 Ice Form                 Ice/Tmut       0%         N/A       100%        4
 Leda's Liquefaction      Hex/Erth       0%         N/A       100%        4
 Passage of Golubria      Tloc           0%         N/A       100%        4
 Petrify                  Tmut/Erth      0%         N/A       100%        4
 Agony                    Necr           0%         N/A       100%        5
 Alistair's Intoxication  Tmut/Pois      0%         N/A       100%        5
 Blade Hands              Tmut           0%         N/A       100%        5
 Borgnjor's Vile Clutch   Necr/Erth      0%         N/A       100%        5
 Excruciating Wounds      Necr           0%         N/A       100%        5
 Freezing Cloud           Conj/Ice/Air   0%         6-21      100%        5
 Irradiate                Conj/Tmut      0%         3d13      100%        5
 Lightning Bolt           Conj/Air       0%         1d11      100%        5
 Manifold Assault         Tloc           0%         N/A       100%        5
 Silence                  Hex/Air        0%         N/A       100%        5
 Yara's Violent Unravell  Hex/Tmut       0%         3d3       100%        5
 Eringya's Noxious Bog    Tmut/Pois      0%         N/A       100%        6
 Dragon Form              Tmut           0%         N/A       100%        7
 Polar Vortex             Ice            0%         N/A       100%        9
 Shatter                  Erth           0%         3d5*      100%        9
 Call Canine Familiar     Summ           Unusable   N/A       N/A         3
 Tukima's Dance           Hex            Unusable   N/A       N/A         3
 Summon Lightning Spire   Summ/Air       Unusable   N/A       N/A         4
 Summon Forest            Summ/Tloc      Unusable   N/A       N/A         5
 Simulacrum               Ice/Necr       Unusable   N/A       N/A         6
 Summon Hydra             Summ           Unusable   N/A       N/A         7

Dungeon Overview and Level Annotations

Branches:
Dungeon (15/15)            Temple (1/1) D:7            Lair (6/6) D:9
  Swamp (4/4) Lair:2       Spider (0/4) Lair:4        Slime (0/5) Lair:6
    Orc (2/2) D:12            Elf (0/3) Orc:2        Vaults (0/5) D:13
 Depths (0/4) D:15        Ossuary (visited)          Bailey (visited)
  IceCv (visited)

Altars:
Ashenzari
Cheibriados
Elyvilon
Fedhas
Hepliaklqana
Kikubaaqudgha
Makhleb
Nemelex Xobeh
Okawaru
Qazlal
Ru
Sif Muna
Trog
Uskayaw
Vehumet
Wu Jian
Xom
Zin
The Shining One
Jiyva
Lugonu

Shops:
D:7 *   D:8 *:(*   Orc:2 *!*=

Portals:
Abyss: Lair:6

Annotations:
D:3 2 transporters
D:9 3 runed translucent doors, spaghetti's ghost, novice OpDe


Innate Abilities, Weirdness & Mutations

You are too large for most types of armour.
You have claws for hands.
Your natural rate of healing is unusually fast.
You are covered in fur. (AC +1)
You have tough skin. (AC +1)


Message History

You feel sick.
You block the fenstrider witch's attack.
The fenstrider witch closely misses you.
Your unstable footing causes you to fumble your attack.
You fester in the toxic bog.
You partially resist.
You are more poisoned.
You feel very sick.
The fenstrider witch gestures at you while chanting.
Your body is wracked with pain!
* * * LOW HITPOINT WARNING * * *
Unknown command.
You puncture the fenstrider witch!
The fenstrider witch is severely wounded.
You fester in the toxic bog.
You partially resist.
You are lethally poisoned!
* * * LOW HITPOINT WARNING * * *
x2 You feel very sick.
The fenstrider witch gestures at you while chanting.
The toxic sludge hits you.
You are more poisoned.
You partially resist.
* * * LOW HITPOINT WARNING * * *
You feel better.
You fester in the toxic bog.
You partially resist.
You are poisoned.
You feel sick.
The fenstrider witch gestures at you while chanting.
The toxic sludge hits you but does no damage.
You are more poisoned.
Unknown command.
You feel better.
You fester in the toxic bog!
You partially resist.
You are poisoned.
You feel sick.
The fenstrider witch hits you but does no damage.
You block the fenstrider witch's attack.
You feel better.
You fester in the toxic bog!
You partially resist.
You are poisoned.
* * * LOW HITPOINT WARNING * * *
You feel sick.
The fenstrider witch gestures at you while chanting.
You feel a surge of unholy energy. The fenstrider witch hits you!
You die...

♣..♣♣ ♣♣.≈≈♣♣.≈.♣
♣≈≈≈≈§≈ ♣...♣
♣..≈≈♣♣.≈♣♣
♣♣≈...≈
♣♣≈.♣♣♣♣..<..♣[≈♣
♣♣.≈≈≈≈
♣.≈..♣♣...♣≈≈♣≈.♣
♣♣≈..≈≈≈
♣≈♣§≈♣♣..♣♣♣.♣≈.♣
♣♣≈.≈♣..♣
♣≈♣♣.♣..♣♣ ♣.♣.♣♣
♣<≈..♣♣.≈
♣≈♣♣.♣.≈♣ ♣♣(.♣
♣♣....♣♣♣≈
♣♣♣♣♣≈.♣♣ ♣†H♣
♣♣.≈≈≈.♣ ♣♣ ♣≈♣♣
♣@.♣ ♣...♣♣♣♣ ♣
♣.♣ ♣♣†♣ ♣♣.♣♣♣
♣.♣ ♣≈♣ ♣≈♣♣ ♣
♣>♣ ♣♣♣ ♣♣♣ ♣ ♣♣♣
♣


You could see a fenstrider witch.

Vanquished Creatures
  Jorgrun (Orc:1)
  Frances (D:12)
  A fenstrider witch (Swamp:2)
  An orc warlord (Orc:1)
  Louise (D:14)
  A fire giant (D:15)
  A reaper (IceCv)
  2 eleionomae (Swamp:1)
  2 bunyips (Swamp:1)
  Josephine (D:11)
  Fannar (D:12)
  A rakshasa (D:14)
  14 hydras
  2 catoblepae
  4 centaur warriors
  A ghost crab (Swamp:3)
  5 ogre magi
  Erica (D:10)
  2 boulder beetles
  5 alligators
  20 two-headed ogres
  2 thrashing horrors (Lair:6)
  A tengu warrior (D:13)
  Urug (Orc:1)
  Nergalle (D:11)
  Sonja (D:11)
  4 skeletal warriors (D:11)
  6 goliath frogs
  A death drake (Swamp:1)
  4 swamp dragons (Swamp:3)
  Pikel (D:8)
  A spriggan druid (Swamp:1)
  8 bog bodies
  A necromancer (D:13)
  A wizard (D:14)
  A will-o-the-wisp (Swamp:1)
  3 orc knights
  3 orc sorcerers
  19 ugly things
  A wolf spider (Lair:4)
  A deep elf pyromancer (D:13)
  5 manticores
  12 elephants
  An ice statue (IceCv)
  Maurice (D:8)
  2 smoke demons (Lair:6)
  5 black mambas
  A gargoyle (D:12)
  An unseen horror (D:14)
  3 large abominations (Lair:6)
  17 cane toads
  A torpor snail (Lair:6)
  13 komodo dragons
  4 rime drakes
  An ice devil (IceCv)
  2 ancient zymes (Lair:6)
  2 tengu conjurers
  3 efreet
  4 yaktaurs (D:15)
  2 entropy weaver simulacra (IceCv)
  The ghost of bearlyready the Chucker, an amateur MiHu (D:3)
  11 trolls
  A polar bear (Lair:2)
  9 tyrant leeches
  8 hornets
  Prince Ribbit (D:8)
  8 slime creatures
  17 blink frogs
  5 water elementals
  Sigmund (D:3)
  9 spriggans
  A shadow (D:8)
  Eustachio (D:5)
  2 ynoxinuls (Lair:6)
  5 wyverns
  4 dire elephant simulacra (IceCv)
  7 wraiths
  22 yaks
  3 vampires
  2 chaos spawn (Lair:6)
  A steam dragon (D:7)
  A human (shapeshifter) (D:14)
  12 basilisks
  3 death yak simulacra (IceCv)
  11 vampire mosquitoes
  4 redbacks (Lair:4)
  3 wargs (Orc:1)
  11 swamp worms
  9 water moccasins
  30 orc warriors
  A swamp drake (Swamp:2)
  A sky beast (D:7)
  2 necrophages
  35 ogres
  A black bear (D:7)
  10 centaurs
  16 wolves
  A phantom (D:6)
  3 lemures
  A kobold brigand (D:7)
  12 bullfrogs
  10 small abominations (Lair:6)
  A cane toad simulacrum (IceCv)
  7 two-headed ogre simulacra (IceCv)
  3 elf skeletons (D:5)
  2 elephant simulacra (IceCv)
  15 killer bees
  8 howler monkeys
  3 electric eels (D:15)
  A centaur zombie (D:7)
  2 bullfrog zombies (D:6)
  A hound (D:6)
  A human zombie (D:5)
  21 orc priests
  A bullfrog skeleton (D:6)
  3 iguanas
  23 orc wizards
  7 troll simulacra (IceCv)
  4 spriggan simulacra (IceCv)
  A polar bear simulacrum (IceCv)
  A centaur simulacrum (D:3)
  A hound skeleton (D:4)
  3 scorpion simulacra (D:3)
  8 mummies (Ossuary)
  7 adders
  3 gnolls
  7 naga simulacra (IceCv)
  6 white imps
  5 ufetubi (IceCv)
  3 worms
  A dart slug (D:1)
  88 orcs
  7 ball pythons
  8 bats
  4 endoplasms
  3 giant cockroaches
  13 goblins
  7 hobgoblins
  17 kobolds
  3 quokkas
  8 frilled lizards
  2 gnoll zombies (Ossuary)
  3 hobgoblin zombies (Ossuary)
  An orc skeleton (D:5)
  4 orc zombies
  A quokka simulacrum (D:3)
  5 rats
828 creatures vanquished.

Vanquished Creatures (others)
  An alligator (Swamp:3)
  A spriggan druid (Swamp:3)
  3 bloated husks
  2 swamp worms (Swamp:3)
  4 foxfires (Swamp:1)
  15 fungi
  26 plants
52 creatures vanquished.

Grand Total: 880 creatures vanquished

Notes
Turn   | Place    | Note
-------+----------+-------------------------------------------
     0 | D:1      | blank1 the Troll Monk began the quest for the Orb.
     0 | D:1      | Reached XP level 1. HP: 22/22 MP: 0/0
    94 | D:1      | Reached XP level 2. HP: 27/29 MP: 1/1
   211 | D:1      | Found a faded altar of an unknown god.
   644 | D:1      | Prayed at the altar of an unknown god.
   644 | D:1      | Became a worshipper of Vehumet
   644 | D:1      | Reached * piety under Vehumet
   644 | D:1      | Offered knowledge of Foxfire by Vehumet.
   644 | D:1      | Reached ** piety under Vehumet
   686 | D:2      | Reached XP level 3. HP: 26/36 MP: 2/2
   690 | D:2      | Learned a level 1 spell: Foxfire
   736 | D:2      | Reached *** piety under Vehumet
   736 | D:2      | Offered knowledge of Searing Ray by Vehumet.
   826 | D:2      | Reached skill level 3 in Fighting
   841 | D:2      | Reached XP level 4. HP: 45/45 MP: 3/3
   974 | D:2      | Offered knowledge of Frozen Ramparts by Vehumet.
  1216 | D:3      | Offered knowledge of Flame Wave by Vehumet.
  1321 | D:3      | Noticed bearlyready's ghost (amateur MiHu)
  1360 | D:3      | Found a runed translucent gate.
  1360 | D:3      | Found a runed translucent gate.
  1360 | D:3      | Found a runed translucent gate.
  1392 | D:3      | Found a transporter.
  1468 | D:3      | Reached **** piety under Vehumet
  1499 | D:3      | Offered knowledge of Hailstorm by Vehumet.
  1500 | D:3      | Reached XP level 5. HP: 31/53 MP: 4/4
  1539 | D:3      | Found a white marble altar of Elyvilon.
  1617 | D:3      | Found a transporter.
  1661 | D:3      | Noticed Sigmund
  1675 | D:3      | Killed Sigmund
  1676 | D:3      | Reached XP level 6. HP: 53/62 MP: 5/5
  2066 | D:3      | Reached skill level 4 in Fighting
  2114 | D:3      | Killed bearlyready's ghost
  2115 | D:3      | Reached skill level 5 in Unarmed Combat
  2115 | D:3      | Reached XP level 7. HP: 56/71 MP: 6/6
  2316 | D:4      | Identified a scroll of acquirement
  2316 | D:4      | Acquired the +1 robe of the Heavens {Int+7}
  2926 | D:5      | Entered Level 5 of the Dungeon
  2979 | D:5      | Reached skill level 5 in Fighting
  2979 | D:5      | Reached skill level 5 in Dodging
  2979 | D:5      | Reached skill level 1 in Spellcasting
  2979 | D:5      | Reached skill level 1 in Fire Magic
  3182 | D:5      | Reached XP level 8. HP: 80/80 MP: 8/8
  3188 | D:5      | Found a sand-covered staircase.
  3194 | Ossuary  | Entered an ossuary
  3639 | D:5      | Found the +8 lance "Wyrmbane" {slay drac, rPois rF+ rC+
                  | AC+3}
  3647 | D:5      | Found a shimmering altar of Xom.
  3682 | D:5      | Noticed Eustachio
  3725 | D:5      | Killed Eustachio
  3726 | D:5      | Reached skill level 1 in Polearms
  3844 | D:5      | Found a hide-covered altar of Uskayaw.
  3939 | D:5      | Reached ***** piety under Vehumet
  4173 | D:6      | Reached skill level 6 in Fighting
  4329 | D:6      | Offered knowledge of Iskenderun's Mystic Blast by Vehumet.
  4395 | D:6      | Reached skill level 1 in Shields
  4608 | D:6      | Reached XP level 9. HP: 80/92 MP: 9/9
  4652 | D:7      | Found Xurumori's General Store.
  4657 | D:7      | Bought a scroll of identify for 26 gold pieces
  4703 | D:7      | Found a staircase to the Ecumenical Temple.
  4732 | Temple   | Entered the Ecumenical Temple
  4788 | Temple   | Fell from the grace of Vehumet
  4788 | Temple   | Became a worshipper of Warmaster Okawaru
  5064 | D:7      | Reached skill level 1 in Invocations
  5281 | D:8      | Noticed Pikel
  5281 | D:8      | Noticed a two-headed ogre
  5333 | D:8      | Found Iqoimynu's Book Boutique.
  5375 | D:8      | Found Lilah's General Store.
  5383 | D:8      | Reached skill level 7 in Fighting
  5443 | D:8      | Found Orototu's Weapon Emporium.
  5457 | D:8      | Killed Pikel
  5457 | D:8      | Reached * piety under Okawaru
  5499 | D:8      | Killed a two-headed ogre
  5499 | D:8      | Reached ** piety under Okawaru
  5500 | D:8      | Reached skill level 5 in Polearms
  5500 | D:8      | Reached XP level 10. HP: 41/102 MP: 11/11
  5576 | D:8      | Noticed Prince Ribbit
  5601 | D:8      | Killed Prince Ribbit
  5764 | D:8      | Found Perat's General Store.
  5770 | D:8      | Bought a scroll of identify for 30 gold pieces
  5873 | D:8      | Noticed Maurice
  5995 | D:8      | Killed Maurice
  5995 | D:8      | Reached *** piety under Okawaru
  5996 | D:8      | Reached skill level 8 in Fighting
  6143 | D:9      | Noticed a centaur warrior
  6166 | D:9      | Killed a centaur warrior
  6318 | D:9      | Found a flagged portal.
  6497 | Bailey   | Entered a bailey
  6504 | Bailey   | Noticed an orc knight
  6708 | Bailey   | Reached **** piety under Okawaru
  6719 | Bailey   | Killed an orc knight
  6925 | D:9      | Noticed a two-headed ogre
  6932 | D:9      | Killed a two-headed ogre
  6933 | D:9      | Reached XP level 11. HP: 106/111 MP: 12/12
  7019 | D:9      | Reached skill level 5 in Shields
  7187 | D:9      | Found a staircase to the Lair.
  7298 | D:9      | Found a runed translucent gate.
  7299 | D:9      | Found a runed translucent gate.
  7299 | D:9      | Found a runed translucent gate.
  7300 | D:9      | Noticed spaghetti's ghost (novice OpDe)
  7602 | D:10     | Entered Level 10 of the Dungeon
  7607 | D:10     | Noticed Erica
  7621 | D:10     | Killed Erica
  7621 | D:10     | Reached ***** piety under Okawaru
  7837 | D:10     | Found a glowing golden altar of the Shining One.
  8284 | Lair:1   | Entered Level 1 of the Lair of Beasts
  8364 | Lair:1   | Received a gift from Okawaru
  9148 | Lair:1   | Was forgiven by Vehumet
  9184 | Lair:2   | Found a staircase to the Swamp.
  9914 | Lair:2   | Reached skill level 9 in Fighting
 10493 | Lair:3   | Noticed a seven-headed hydra
 10513 | Lair:3   | Killed a seven-headed hydra
 10611 | Lair:3   | Reached XP level 12. HP: 94/123 MP: 14/14
 10698 | Lair:3   | Received a gift from Okawaru
 10750 | Lair:3   | Identified the +1 spear "Beetleslayer" {venom, rPois Str+6}
 11366 | Lair:3   | Identified the +3 scale mail of Whack-A-Mole {rPois rC++
                  | rCorr Stlth-}
 11411 | Lair:3   | Noticed a four-headed hydra
 11422 | Lair:3   | Killed a four-headed hydra
 12117 | Lair:4   | Noticed a five-headed hydra
 12132 | Lair:4   | Killed a five-headed hydra
 12436 | Lair:4   | Found a hole to the Spider Nest.
 12857 | Lair:5   | Noticed a seven-headed hydra
 12889 | Lair:5   | Killed a seven-headed hydra
 12889 | Lair:5   | Received a gift from Okawaru
 12985 | Lair:5   | Reached XP level 13. HP: 99/131 MP: 15/15
 13732 | Lair:6   | Entered Level 6 of the Lair of Beasts
 13955 | Lair:6   | Found a staircase to the Slime Pits.
 13955 | Lair:6   | Found a viscous altar of Jiyva.
 13972 | Lair:6   | Reached ****** piety under Okawaru
 14053 | Lair:6   | Reached skill level 10 in Fighting
 14053 | Lair:6   | Reached skill level 10 in Polearms
 14060 | Lair:6   | Reached skill level 10 in Dodging
 14237 | Lair:6   | Found a frozen archway.
 14246 | IceCv    | Entered an ice cave
 14297 | IceCv    | Received a gift from Okawaru
 14827 | IceCv    | Noticed a reaper
 14900 | IceCv    | Killed a reaper
 15350 | Lair:6   | Reached skill level 1 in Armour
 15715 | Lair:6   | Reached skill level 11 in Fighting
 15737 | Lair:6   | Identified the +1 quarterstaff "Zioduoke" {elec, rPois
                  | Int+5} (Okawaru gifted it to you on level 6 of the Lair of
                  | Beasts)
 15737 | Lair:6   | Received a gift from Okawaru
 15800 | Lair:6   | Reached XP level 14. HP: 47/146 MP: 16/16
 16157 | Lair:6   | Got the Disquisition on Earthen Ignition
 16437 | Lair:6   | Identified the +6 great sword "Maod Yso" {vorpal, MP+9
                  | Dex+3}
 16856 | Lair:6   | Found a corrupted altar of Lugonu.
 16856 | Lair:6   | Found a one-way gate to the infinite horrors of the Abyss.
 17330 | D:11     | Reached skill level 5 in Invocations
 17411 | D:11     | Reached skill level 10 in Shields
 17452 | D:11     | Received a gift from Okawaru
 17757 | D:11     | Noticed Sonja
 17779 | D:11     | Killed Sonja
 17843 | D:11     | Noticed Nergalle
 17856 | D:11     | Killed Nergalle
 18031 | D:11     | Noticed Josephine
 18064 | D:11     | Killed Josephine
 18065 | D:11     | Reached skill level 5 in Armour
 18607 | D:12     | You fall into a shaft and drop 2 floors!
 19132 | D:12     | Reached skill level 12 in Fighting
 19169 | D:12     | Received a gift from Okawaru
 19348 | D:12     | Noticed Fannar
 19378 | D:12     | Killed Fannar
 19647 | D:12     | Found a staircase to the Orcish Mines.
 19724 | D:12     | Noticed Frances
 19766 | D:12     | Killed Frances
 20076 | D:13     | Found a gate to the Vaults.
 20599 | D:12     | Identified the +4 tower shield of the Barnacle {Dex+4}
                  | (Okawaru gifted it to you on level 12 of the Dungeon)
 20599 | D:12     | Received a gift from Okawaru
 20850 | D:14     | Noticed Louise
 20895 | D:14     | Killed Louise
 20896 | D:14     | Upgraded the game from 0.28-a0-1286-g6bde065e89 to
                  | 0.28-a0-1312-g71652a0310
 20959 | D:14     | Reached XP level 15. HP: 154/156 MP: 17/17
 21679 | D:15     | Entered Level 15 of the Dungeon
 22061 | D:15     | Noticed a fire giant
 22072 | D:15     | Killed a fire giant
 22209 | D:15     | Found a staircase to the Depths.
 23184 | Orc:1    | Entered Level 1 of the Orcish Mines
 23198 | Orc:1    | Noticed Jorgrun
 23218 | Orc:1    | Killed Jorgrun
 23345 | Orc:1    | Received a gift from Okawaru
 23371 | Orc:1    | Noticed Urug
 23392 | Orc:1    | Killed Urug
 23732 | Orc:2    | Entered Level 2 of the Orcish Mines
 23744 | Orc:2    | Noticed an orc warlord
 23856 | Orc:1    | Killed an orc warlord
 24531 | Orc:2    | Received a gift from Okawaru
 24667 | Orc:2    | Found Okkejo's Jewellery Boutique.
 24668 | Orc:2    | Found Oxuu's Distillery.
 24668 | Orc:2    | Found Cobb's General Store.
 24668 | Orc:2    | Found Vuteifam's Assorted Antiques.
 24776 | Orc:2    | Found a staircase to the Elven Halls.
 25486 | Orc:2    | Bought a potion of heal wounds for 125 gold pieces
 25486 | Orc:2    | Bought a scroll of enchant weapon for 187 gold pieces
 25486 | Orc:2    | Bought 2 potions of heal wounds for 250 gold pieces
 25643 | Swamp:1  | Entered Level 1 of the Swamp
 25677 | Swamp:1  | Reached XP level 16. HP: 95/167 MP: 18/18
 25683 | Swamp:1  | HP: 4/167 [swamp worm (17)]
 26574 | Swamp:1  | Reached skill level 13 in Fighting
 26729 | Swamp:2  | Reached skill level 10 in Armour
 27770 | Swamp:3  | Received a gift from Okawaru
 28108 | Swamp:4  | Entered Level 4 of the Swamp
 28288 | Swamp:4  | Paralysed by a fenstrider witch for 5 turns
 28301 | Swamp:4  | Paralysed by a fenstrider witch for 4 turns
 28324 | Swamp:3  | HP: 8/171 [something (4)]
 28324 | Swamp:3  | HP: 2/171 [fenstrider witch/toxic sludge (3)]
 28327 | Swamp:3  | Mangled by a fenstrider witch

Illustrated notes

Levels and vault maps discovered:
D:1:      lightli_arrival_lavapool, layout_loops_ring,
          shapermc_ecumenical_altar_gd, minmay_misc_feat_four_crosses,
          minmay_cut_off
D:2:      layout_rooms, minmay_randomly_rotated_circles
D:3:      gammafunk_wand_slinger, layout_loops_ring,
          mainiacjoe_overflow_brackets, gammafunk_ghost_icy,
          minmay_goblin_kobold_house, uniq_sigmund
D:4:      layout_gridville
D:5:      layout_loops_ring, old_standard_altar, nicolae_uskayaw_dance_hall,
          nicolae_ossuary_entry_catacombs, kennysheep_windowed_goal,
          uniq_eustachio
D:6:      layout_rooms, kennysheep_path_1
D:7:      layout_basic, minmay_temple_entry_gardened_gates, serial_shops,
          nicolae_shop_hallway_plus
D:8:      layout_rooms, serial_shops, shop, nicolae_shop_trees,
          nicolae_stop_n_shop_2, nicolae_shop_hallway_plus, uniq_pikel,
          uniq_prince_ribbit1, uniq_maurice
D:9:      layout_roguey, lair_entry_dummy, ebering_ghost_rock_garden,
          enter_bailey_8
D:10:     layout_roguey, general_overflow_altar, minmay_misc_feat_roman,
          uniq_erica
D:11:     layout_layer_cave, uniq_sonja, uniq_nergalle, uniq_josephine
D:12:     layout_grid_maze, david_orc_2, uniq_frances, uniq_fannar
D:13:     evilmike_halls_of_destruction, layout_gridville, david_vaults_1
D:14:     layout_basic, serial_glass, glass_columns_a, glass_columns_b,
          glass_columns_a, glass_columns_a, glass_columns_c, glass_columns_b,
          glass_columns_c, glass_columns_a, unseen_surprise_small,
          item_on_display_a, amethyst_killhole, uniq_louise
D:15:     grunt_enter_depths_giant_problem, layout_basic, hangedman_decor_points
Temple:   mainiacjoe_temple_coin_purse
Lair:1:   layout_regular_city
Lair:2:   layout_layer_cave, swamp_mist, pond, grunt_megastairs_2,
          serial_bayou_shore_b
Lair:3:   layout_hall_layers, eino_small_chamber_without_monster
Lair:4:   layout_gridlike, spider_nest_entry_funnel_web
Lair:5:   layout_regular_city, grunt_megastairs_4
Lair:6:   hellmonk_lair_end_abyssal_woods, layout_hall_layers, slime_altar_1,
          portal_ice_cave_rime, chequers_serial_rivers_micro_a
Swamp:1:  layout_basic_swamp, nicolae_swamp_rocky_clearing
Swamp:2:  layout_basic_swamp, evilmike_swamp_ruin_house_3
Swamp:3:  layout_falls_marsh, evilmike_swamp_ruin_house_2
Swamp:4:  swamp_alternative, layout_basic_swamp
Orc:1:    layout_diamond_mine, uniq_urug, uniq_jorgrun
Orc:2:    st_orc_ogre_mass, layout_caves, rock_pile

Skill      XL: |  1  2  3  4  5  6  7  8  9 10 11 12 13 14 15 16 |
---------------+-------------------------------------------------+-----
Fighting       | 3 4 5 6 7 8 9 11 12 13 | 13.9
Dodging        | 3 4 5 6 7 9 10 | 10.0
Unarmed Combat | 4 5 6 |  6.5
Spellcasting   | 1 |  1.0
Fire Magic     | 1 |  1.0
Polearms       | 2 5 7 9 10 12 | 12.0
Shields        | 1 3 4 5 7 9 10 11 | 11.0
Invocations    | 3 4 5 |  5.9
Armour         | 2 6 8 10 | 10.0
Stealth        | |  1.0

Action                   |  1- 3 |  4- 6 |  7- 9 | 10-12 | 13-15 | 16-18 || total
-------------------------+-------+-------+-------+-------+-------+-------++-------
Melee: Unarmed           |    95 |   135 |   124 |       |       |       ||   354
       Lance             |       |       |   251 |   938 |  2715 |   581 ||  4485
Invok: Heroism           |       |       |       |     5 |     8 |     2 ||    15
       Finesse           |       |       |       |       |     4 |       ||     4
Evoke: Wand              |       |       |       |     4 |     1 |       ||     5
  Use: Scroll            |       |       |    22 |     6 |     4 |       ||    32
       Potion            |       |       |       |     4 |       |     7 ||    11
 Stab: Sleeping          |     3 |     4 |     7 |     3 |     6 |       ||    23
       Petrified         |       |       |       |       |     5 |       ||     5
       Petrifying        |       |       |       |       |     1 |       ||     1
       Distracted        |       |       |       |       |     1 |       ||     1
Armor: Robe              |    33 |    63 |   223 |   384 |   159 |       ||   862
       Ice dragon scales |       |       |       |       |   819 |   191 ||  1010
Dodge: Dodged            |    42 |    34 |   151 |   335 |   628 |   145 ||  1335
Block: Kite shield       |    12 |    30 |   130 |   385 |   546 |       ||  1103
       Tower shield      |       |       |       |       |   774 |   472 ||  1246

Table legend: (Time is in decaauts)
 A = Elapsed time spent in this place.
 B = Non-inter-level travel time spent in this place.
 C = Inter-level travel time spent in this place.
 D = Time resting spent in this place.
 E = Time spent auto-exploring this place.
 F = Levels seen in this place.
 G = Mean time per level.
                   A        B        C        D        E       F      G
               +--------+--------+--------+--------+--------+-----+--------+
         Total |  27388 |  26049 |   1339 |   1616 |  15368 |  31 |  883.5 |
       Dungeon |  13613 |  12927 |    686 |    538 |   8544 |  15 |  907.5 |
        Temple |     69 |     57 |     12 |      0 |     40 |   1 |   69.0 |
          Lair |   7606 |   7281 |    325 |    481 |   4678 |   6 | 1267.7 |
         Swamp |   2589 |   2441 |    148 |    290 |   1041 |   4 |  647.2 |
  Orcish Mines |   2097 |   1930 |    167 |    131 |    696 |   2 | 1048.5 |
       Ossuary |    235 |    235 |      0 |      0 |     87 |   1 |  235.0 |
        Bailey |    361 |    361 |      0 |      0 |     77 |   1 |  361.0 |
      Ice Cave |    814 |    814 |      0 |    176 |    203 |   1 |  814.0 |
               +--------+--------+--------+--------+--------+-----+--------+

Top non-repeatable levels by time:
  Lair:6: 2008 daAuts
    D:11: 1450 daAuts
  Lair:2: 1442 daAuts
    D:12: 1305 daAuts
    D:15: 1269 daAuts
  Lair:3: 1205 daAuts
  Lair:5: 1089 daAuts
   Orc:2: 1053 daAuts
     D:9: 1048 daAuts
   Orc:1: 1044 daAuts
 Swamp:1: 1013 daAuts
    D:14: 1006 daAuts
     D:5: 984 daAuts
     D:3: 967 daAuts
  Lair:4: 964 daAuts
